[Event "Titled Tuesday Blitz August 08 Late 2023"]
[White "Salazar Farias, Luis German"]
[Black "Rodriguez Santiago, Jaime"]
[WhiteFideId "3902170"]
[BlackFideId "3100898"]
[WhiteElo "2442"]
[BlackElo "2291"]
[Result "1-0"]
[Round "5"]
[TimeControl "180+1"]
[Date "2023.08.08"]
[WhiteClock "0:00:29"]
[BlackClock "0:00:20"]
[Board "141"]

1. d4 Nf6 2. c4 e6 3. Nc3 Bb4 4. e3 O-O 5. Bd3 d5 6. a3 Bxc3+ 7. bxc3 c5 8. cxd5 exd5 9. Ne2 c4 10. Bc2 Nc6 11. f3 Re8 12. O-O a6 13. Ng3 b5 14. e4 dxe4 15. fxe4 Bg4 16. Qe1 h5 17. Bg5 Nxd4 18. cxd4 Qxd4+ 19. Kh1 Nd5 20. h3 Bd7 21. Rd1 Qb2 22. Rxd5 Bc6 23. Rd6 Rac8 24. Qf2 Qxa3 25. Qxf7+ Kh8 26. Rh6+ 1-0


[Site "https://www.chess.com"]

[Event "Titled Tuesday Blitz August 08 Late 2023"]
[White "Steindl, Johannes"]
[Black "KorolDimitriy75"]
[WhiteFideId "1643266"]
[WhiteElo "2276"]
[BlackElo "2400"]
[Result "0-1"]
[Round "5"]
[TimeControl "180+1"]
[Date "2023.08.08"]
[WhiteClock "0:00:00"]
[BlackClock "0:00:05"]
[Board "142"]

1. e4 c5 2. c3 d5 3. exd5 Qxd5 4. Nf3 Nc6 5. Na3 Nf6 6. d4 cxd4 7. Nb5 Qd8 8. Nbxd4 Nxd4 9. Nxd4 e5 10. Bb5+ Bd7 11. Qe2 Bd6 12. Nf5 Bxb5 13. Qxb5+ Kf8 14. O-O Ne8 15. Rd1 Qc7 16. Be3 a6 17. Qd5 Rd8 18. Qf3 f6 19. Rd2 Be7 20. Rad1 Rxd2 21. Rxd2 Qc6 22. Qd1 Kf7 23. Qb3+ Qe6 24. Nxe7 Qxb3 25. axb3 Kxe7 26. Bc5+ Ke6 27. Kf1 g5 28. f3 Rg8 29. g4 Rg7 30. Bf2 Rd7 31. Ke2 Rxd2+ 32. Kxd2 Nd6 33. h4 e4 34. hxg5 fxg5 35. Ke3 exf3 36. Kxf3 Kd5 37. Be3 h6 38. Bd4 b5 39. Bg7 Nf7 40. Ke3 Ke6 41. Ke4 Nd6+ 42. Kd4 h5 43. gxh5 Nf5+ 44. Kc5 Nxg7 45. h6 Kf7 46. h7 Ne6+ 47. Kd6 Kg7 0-1


[Site "https://www.chess.com"]

[Event "Titled Tuesday Blitz August 08 Late 2023"]
[White "Mazurkiewicz, Michal"]
[Black "Cagara, Paulina"]
[WhiteFideId "1124943"]
[BlackFideId "1124870"]
[WhiteElo "2399"]
[BlackElo "2270"]
[Result "1-0"]
[Round "5"]
[TimeControl "180+1"]
[Date "2023.08.08"]
[WhiteClock "0:00:36"]
[BlackClock "0:00:00"]
[Board "143"]

1. e4 c6 2. d3 d5 3. Nd2 e5 4. Ngf3 Bd6 5. d4 exd4 6. exd5 Nf6 7. dxc6 Nxc6 8. Nb3 O-O 9. Be2 Re8 10. O-O Bc7 11. Bg5 Qd6 12. Bh4 Bg4 13. Bg3 Qd7 14. Bxc7 Qxc7 15. Nfxd4 Nxd4 16. Nxd4 Bxe2 17. Nxe2 Rad8 18. Nd4 Qf4 19. c3 Ng4 20. g3 Qg5 21. h4 Qg6 22. Qf3 Ne5 23. Qxb7 Rb8 24. Qd5 Rxb2 25. Rae1 Qf6 26. Nc6 Rf8 27. Nxe5 h6 28. Nd7 Qg6 29. Nxf8 Qg4 30. Qd8 Qh3 31. Qd7 f5 32. Qe6+ 1-0


[Site "https://www.chess.com"]

[Event "Titled Tuesday Blitz August 08 Late 2023"]
[White "Hng, Mei-En Emmanuelle"]
[Black "Gabdushev, Ruslan"]
[WhiteFideId "5804566"]
[BlackFideId "4137833"]
[WhiteElo "2263"]
[BlackElo "2394"]
[Result "0-1"]
[Round "5"]
[TimeControl "180+1"]
[Date "2023.08.08"]
[WhiteClock "0:00:09"]
[BlackClock "0:00:10"]
[Board "144"]

1. e4 Nc6 2. Bc4 e6 3. d4 d5 4. exd5 exd5 5. Be2 Bf5 6. Nf3 Bd6 7. O-O Nge7 8. h3 f6 9. Re1 Qd7 10. Nc3 a6 11. a3 O-O 12. Be3 Rfe8 13. Qd2 Be6 14. Bf4 Ng6 15. Bxd6 Qxd6 16. Bf1 Nf4 17. Re3 Bf7 18. Rae1 g5 19. g3 Ng6 20. Bg2 Rxe3 21. Rxe3 Nce7 22. Re1 c6 23. Na4 h6 24. Nc5 b6 25. Nd3 Rc8 26. h4 Kg7 27. Bh3 Rc7 28. Nb4 a5 29. Nd3 a4 30. h5 Nf8 31. g4 Ne6 32. Bg2 c5 33. dxc5 bxc5 34. c3 d4 35. cxd4 cxd4 36. Rc1 Rxc1+ 37. Qxc1 Nd5 38. Nd2 Nef4 39. Nxf4 Nxf4 40. Ne4 Ne2+ 41. Kf1 Nxc1 42. Nxd6 Nd3 43. Bc6 Nxb2 44. Nf5+ Kf8 45. Nxd4 Bc4+ 46. Kg2 Ke7 47. Nf5+ Ke6 48. Nxh6 Ke5 49. Nf5 Kf4 50. Bf3 Bg8 51. h6 Nc4 52. Bc6 Kxg4 53. Ne7 Bh7 54. Bxa4 Nxa3 55. Be8 Nc4 56. Bg6 Bxg6 57. Nxg6 Nd6 58. h7 Nf7 59. h8=Q Nxh8 60. Nxh8 f5 61. Ng6 f4 62. Ne5+ Kf5 63. Kf3 Kxe5 64. Kg4 Kf6 65. f3 Kg6 66. Kh3 Kh5 67. Kg2 Kh4 68. Kh2 Kh5 69. Kh3 Kg6 70. Kg4 Kf6 71. Kh5 Kf5 72. Kh6 g4 0-1


[Site "https://www.chess.com"]

[Event "Titled Tuesday Blitz August 08 Late 2023"]
[White "Ward, Ieuan C"]
[Black "Sari, Yasin"]
[WhiteFideId "406627"]
[BlackFideId "6320902"]
[WhiteElo "2255"]
[BlackElo "2377"]
[Result "0-1"]
[Round "5"]
[TimeControl "180+1"]
[Date "2023.08.08"]
[WhiteClock "0:00:14"]
[BlackClock "0:00:07"]
[Board "145"]

1. d4 Nf6 2. c4 g6 3. Nc3 Bg7 4. Nf3 O-O 5. g3 c5 6. d5 e6 7. Bg2 exd5 8. cxd5 d6 9. O-O a6 10. a4 Re8 11. Re1 Nbd7 12. e4 Rb8 13. a5 b5 14. axb6 Rxb6 15. Qc2 Nh5 16. Bg5 Qc7 17. Na4 Rb4 18. Bd2 Rb8 19. Bc3 Ne5 20. Nxe5 Bxe5 21. Bxe5 Rxe5 22. f4 Re7 23. Rad1 Qa5 24. e5 Bf5 25. Be4 Bg4 26. Ra1 dxe5 27. Qxc5 Qxc5+ 28. Nxc5 exf4 29. d6 Ra7 30. Rxa6 Rxa6 31. Nxa6 Rxb2 32. Nc5 fxg3 33. hxg3 Nxg3 34. d7 Rd2 35. Re3 Nxe4 36. Nxe4 Rd1+ 37. Kh2 Bxd7 38. Nf6+ Kg7 39. Ne4 Bf5 40. Ng5 Rd2+ 41. Kg3 Rd3 42. Rxd3 Bxd3 43. Kf4 h6 44. Nf3 f6 45. Nd4 g5+ 46. Ke3 Bg6 47. Ne6+ Kf7 48. Nd4 h5 49. Kf2 f5 50. Kg2 Kf6 51. Kh2 h4 52. Nc2 g4 53. Ne1 Kg5 54. Nd3 f4 55. Ne5 Bf5 56. Nc4 g3+ 57. Kg2 h3+ 58. Kf3 Bg4+ 59. Ke4 h2 60. Ne5 h1=Q+ 0-1


[Site "https://www.chess.com"]

[Event "Titled Tuesday Blitz August 08 Late 2023"]
[White "Eggleston, Thomas A"]
[Black "Vaglio Munoz, Jaime"]
[WhiteFideId "412139"]
[BlackFideId "6500145"]
[WhiteElo "2374"]
[BlackElo "2240"]
[Result "1-0"]
[Round "5"]
[TimeControl "180+1"]
[Date "2023.08.08"]
[WhiteClock "0:00:03"]
[BlackClock "0:00:00"]
[Board "146"]

1. e4 c5 2. Nf3 Qa5 3. c3 Nc6 4. Be2 Nf6 5. d3 d5 6. Nbd2 Bg4 7. O-O dxe4 8. dxe4 Rd8 9. Qc2 e5 10. Nc4 Qc7 11. Ne3 Be7 12. h3 Bxf3 13. Bxf3 O-O 14. Nd5 Nxd5 15. exd5 Nb8 16. c4 f5 17. g3 Bd6 18. Bg2 Nd7 19. f4 e4 20. Be3 a6 21. a4 Rb8 22. a5 b6 23. Ra2 b5 24. b3 bxc4 25. bxc4 Rb4 26. Bd2 Rb7 27. Rb1 Rfb8 28. Rab2 Nf6 29. Bc3 Kf7 30. Bxf6 Kxf6 31. Qc3+ Kf7 32. h4 Rb4 33. Rxb4 cxb4 34. Qa1 Qxc4 35. Rc1 Qd3 36. Kh2 b3 37. Qb2 Qxd5 38. Bf1 Kg6 39. Bc4 Qb7 40. h5+ Kh6 41. Qd4 Qe7 42. Rd1 b2 43. Qxd6+ Qxd6 44. Rxd6+ g6 45. Ba2 b1=Q 46. Bxb1 Rxb1 47. hxg6 hxg6 48. Rxa6 Kh5 49. Re6 Ra1 50. a6 Kg4 51. Rxg6+ Kf3 52. Rb6 e3 53. Rb3 Rxa6 54. Kg1 Ra1+ 55. Kh2 Kf2 56. Kh3 e2 57. Rb2 1-0


[Site "https://www.chess.com"]

[Event "Titled Tuesday Blitz August 08 Late 2023"]
[White "De Souza, Cristiano Gomes"]
[Black "Davidson, Kevin"]
[WhiteFideId "2151758"]
[BlackFideId "2056810"]
[WhiteElo "2233"]
[BlackElo "2374"]
[Result "1-0"]
[Round "5"]
[TimeControl "180+1"]
[Date "2023.08.08"]
[WhiteClock "0:00:22"]
[BlackClock "0:00:00"]
[Board "147"]

1. d4 Nf6 2. c4 g6 3. Nf3 Bg7 4. Nc3 d6 5. e4 O-O 6. Be2 e5 7. O-O Nc6 8. d5 Ne7 9. Ne1 Nd7 10. Nd3 f5 11. f3 Nf6 12. Be3 c5 13. a3 h5 14. Rc1 f4 15. Bf2 g5 16. b4 b6 17. bxc5 bxc5 18. Qd2 Ng6 19. Rc2 g4 20. Rb1 Rf7 21. Rcb2 Bd7 22. Rb7 Bf8 23. R1b3 Nh7 24. Qb2 Qg5 25. Kf1 Nh4 26. Rb8 Rxb8 27. Rxb8 gxf3 28. gxf3 Qg2+ 29. Ke1 Nxf3+ 30. Bxf3 Qxf3 31. Qe2 Qh1+ 32. Kd2 f3 33. Qe3 Qxh2 34. Kc2 h4 35. Qh6 h3 36. Qxd6 Qg2 37. Nxe5 Qxf2+ 38. Kb3 Qg3 39. Nxf7 Qxd6 40. Nxd6 h2 41. e5 h1=Q 42. e6 Bxe6 43. dxe6 Qe1 44. Re8 Kg7 45. Nf5+ Kf6 46. Ng3 Qxg3 47. Rxf8+ 1-0


[Site "https://www.chess.com"]

[Event "Titled Tuesday Blitz August 08 Late 2023"]
[White "Korpics, Zsolt"]
[Black "Biliy, Vadim"]
[WhiteFideId "705241"]
[BlackFideId "14114127"]
[WhiteElo "2372"]
[BlackElo "2228"]
[Result "1-0"]
[Round "5"]
[TimeControl "180+1"]
[Date "2023.08.08"]
[WhiteClock "0:01:52"]
[BlackClock "0:01:35"]
[Board "148"]

1. e4 d6 2. d4 Nf6 3. Nc3 g6 4. Be2 Bg7 5. h4 h5 6. Nf3 Bg4 7. Ng5 Bxe2 8. Qxe2 c6 9. e5 Nd5 10. Nxd5 cxd5 11. e6 f5 12. Nf7 Qa5+ 13. Bd2 Qb6 14. Nxh8 Bxh8 15. c3 Qxb2 16. O-O Qa3 17. Qb5+ 1-0


[Site "https://www.chess.com"]

[Event "Titled Tuesday Blitz August 08 Late 2023"]
[White "Beulen, Marcel"]
[Black "De Arruda, Leandro Formes"]
[WhiteFideId "1001450"]
[BlackFideId "22722009"]
[WhiteElo "2369"]
[BlackElo "2215"]
[Result "1-0"]
[Round "5"]
[TimeControl "180+1"]
[Date "2023.08.08"]
[WhiteClock "0:00:09"]
[BlackClock "0:00:00"]
[Board "149"]

1. e4 e6 2. d4 d5 3. exd5 exd5 4. Nf3 Nf6 5. Bd3 Bd6 6. Qe2+ Qe7 7. Qxe7+ Bxe7 8. Bf4 c6 9. O-O O-O 10. Re1 Bb4 11. c3 Ba5 12. Nbd2 Bg4 13. Ne5 Be6 14. Bg5 Nbd7 15. f4 Nxe5 16. fxe5 Nd7 17. Nf3 Bb6 18. Be7 Rfe8 19. Bd6 h6 20. b4 a5 21. a3 axb4 22. axb4 Bg4 23. Kf2 Rxa1 24. Rxa1 Nf8 25. h3 Be6 26. Kg3 Nh7 27. Kf4 g5+ 28. Kg3 Kg7 29. h4 g4 30. Nh2 h5 31. Nf1 f5 32. exf6+ Nxf6 33. Be5 Kf7 34. Ne3 Nd7 35. Bf4 Rh8 36. Rf1 Ke7 37. Bg5+ Kd6 38. Bf4+ Ke7 39. Nf5+ Bxf5 40. Bxf5 Kd8 41. Re1 Rf8 42. Bg6 Rg8 43. Bxh5 Nf6 44. Bf7 1-0


[Site "https://www.chess.com"]

[Event "Titled Tuesday Blitz August 08 Late 2023"]
[White "K2JW"]
[Black "Petersson, Kjell"]
[BlackFideId "1705148"]
[WhiteElo "2359"]
[BlackElo "2202"]
[Result "1-0"]
[Round "5"]
[TimeControl "180+1"]
[Date "2023.08.08"]
[WhiteClock "0:00:23"]
[BlackClock "0:00:18"]
[Board "150"]

1. d4 f5 2. c4 Nf6 3. g3 e6 4. Bg2 d5 5. Nf3 c6 6. O-O Bd6 7. b3 Qe7 8. a4 a5 9. Ba3 Na6 10. Bxd6 Qxd6 11. Ne5 O-O 12. Nd2 Bd7 13. e3 Be8 14. Ndf3 Bh5 15. Qd2 Bxf3 16. Bxf3 Nb4 17. Rac1 Rae8 18. Bg2 Nd7 19. f4 Nxe5 20. fxe5 Qe7 21. cxd5 exd5 22. Rf2 Qg5 23. Rcf1 Re7 24. Qe2 g6 25. e4 dxe4 26. Bxe4 Rd8 27. Qc4+ Kh8 28. Bg2 Red7 29. e6 Rxd4 30. Qe2 Re8 31. Qe5+ Kg8 32. Qxd4 Rxe6 33. Rd2 Re8 34. Qd7 Rf8 35. Qe6+ Kg7 36. Rd7+ Kh6 37. Rf4 Rf6 38. Qe3 Qxf4 39. gxf4 1-0


[Site "https://www.chess.com"]

[Event "Titled Tuesday Blitz August 08 Late 2023"]
[White "Fernandez Bustamante, Leancy B."]
[Black "Kostiukov, Alexandr"]
[WhiteFideId "3523870"]
[BlackFideId "14108100"]
[WhiteElo "2198"]
[BlackElo "2358"]
[Result "0-1"]
[Round "5"]
[TimeControl "180+1"]
[Date "2023.08.08"]
[WhiteClock "0:00:03"]
[BlackClock "0:00:16"]
[Board "151"]

1. e4 c5 2. Nf3 g6 3. c3 Bg7 4. d4 cxd4 5. cxd4 d5 6. e5 Nc6 7. Nc3 Bg4 8. Be2 Nh6 9. O-O O-O 10. Bxh6 Bxh6 11. h3 Bxf3 12. Bxf3 e6 13. b3 Rc8 14. Ne2 Qh4 15. Bg4 Rc7 16. f4 Rfc8 17. Rc1 Bf8 18. g3 Qe7 19. Qd2 Qa3 20. f5 exf5 21. Bf3 Nxd4 22. Rxc7 Nxf3+ 23. Rxf3 Rxc7 24. Qxd5 Qc5+ 25. Qxc5 Rxc5 26. Kf2 Rxe5 27. Rc3 Rc5 28. Rd3 Rc2 29. a4 Bc5+ 30. Kf3 b6 31. Rd7 a5 32. h4 h5 33. Rb7 Rb2 34. g4 fxg4+ 35. Kf4 Rxe2 36. Kg5 Kg7 37. b4 Be3# 0-1


[Site "https://www.chess.com"]

[Event "Titled Tuesday Blitz August 08 Late 2023"]
[White "Ortmann, David"]
[Black "Butti, Enrique"]
[WhiteFideId "4651588"]
[BlackFideId "3700470"]
[WhiteElo "2355"]
[BlackElo "2201"]
[Result "0-1"]
[Round "5"]
[TimeControl "180+1"]
[Date "2023.08.08"]
[WhiteClock "0:00:00"]
[BlackClock "0:00:20"]
[Board "152"]

1. Nf3 d6 2. d4 Bg4 3. c4 Nd7 4. Nc3 e5 5. g3 Ngf6 6. dxe5 dxe5 7. Be3 Bb4 8. Qb3 Bxc3+ 9. Qxc3 Bxf3 10. exf3 Qe7 11. Bh3 O-O 12. O-O a5 13. Rfe1 Rfe8 14. f4 e4 15. Rad1 b6 16. Bd4 c5 17. Bxf6 Nxf6 18. Bg2 Qc7 19. Rd2 h6 20. Red1 Rad8 21. h3 Rxd2 22. Qxd2 Qc6 23. Qd6 Qa4 24. b3 Qxa2 25. Qxb6 Qe2 26. Rf1 e3 27. fxe3 Qxe3+ 28. Kh2 Qd2 29. Qxc5 Re2 30. Qc8+ Kh7 31. Rg1 g6 32. Qb7 Kg7 33. c5 Nh5 34. c6 Qe3 0-1


[Site "https://www.chess.com"]

[Event "Titled Tuesday Blitz August 08 Late 2023"]
[White "Oliveira, Tiago Batista"]
[Black "Pavlidou, Ekaterini"]
[WhiteFideId "2108291"]
[BlackFideId "4213262"]
[WhiteElo "2187"]
[BlackElo "2352"]
[Result "0-1"]
[Round "5"]
[TimeControl "180+1"]
[Date "2023.08.08"]
[WhiteClock "0:00:00"]
[BlackClock "0:00:39"]
[Board "153"]

1. d4 Nf6 2. c4 e6 3. Nf3 b6 4. g3 Ba6 5. Qc2 c6 6. Bg2 d5 7. Nbd2 Nbd7 8. O-O Be7 9. Rd1 Rc8 10. b3 O-O 11. e4 c5 12. exd5 exd5 13. dxc5 Nxc5 14. Bb2 b5 15. Qf5 bxc4 16. Nxc4 Bxc4 17. bxc4 Na4 18. Bxf6 Bxf6 19. Rxd5 Bxa1 20. Rxd8 Rfxd8 21. Ng5 Rd1+ 22. Bf1 Rc7 23. Qxh7+ Kf8 24. Qc2 Nc3 25. Kg2 Rc5 26. Ne4 Rxf1 27. Kxf1 Nxe4 28. Qxe4 Rc7 29. h4 Bf6 30. h5 Bg5 31. g4 Bf6 32. f4 Kg8 33. g5 Bc3 34. g6 Kf8 35. Qa8+ Ke7 36. Qg8 fxg6 37. hxg6 Kf6 38. Ke2 Kxg6 39. Kd3 Bf6 40. Qe6 Re7 41. f5+ Kg5 42. Qa6 Rd7+ 43. Kc2 Kxf5 44. Qb5+ Ke6 45. c5 Be5 46. c6 Rc7 47. Qc4+ Kf5 48. Kb3 g5 49. Ka4 g4 50. Kb5 g3 51. a4 g2 52. Qc2+ Ke6 53. Qxg2 Kd6 54. Qf3 Ke6 55. Qe4 Kd6 56. Qd3+ Ke6 57. Qc4+ Kd6 58. Qc5+ Ke6 59. Qc4+ Kd6 60. Qd3+ Ke6 61. Kc5 Kf6 62. Qd5 Kf5 63. a5 Kf4 64. Qd7 Rxd7 65. cxd7 Bc7 66. a6 Ke5 67. Kc6 Bb6 68. Kb7 Kd6 69. Kc8 Kc6 0-1


[Site "https://www.chess.com"]

[Event "Titled Tuesday Blitz August 08 Late 2023"]
[White "Novikova, Margarita"]
[Black "Mazibuko, Khanya"]
[WhiteFideId "14109689"]
[BlackFideId "14321041"]
[WhiteElo "2140"]
[BlackElo "2338"]
[Result "0-1"]
[Round "5"]
[TimeControl "180+1"]
[Date "2023.08.08"]
[WhiteClock "0:00:00"]
[BlackClock "0:00:44"]
[Board "154"]

1. e4 e5 2. Nf3 Nc6 3. Bb5 a6 4. Ba4 Nf6 5. O-O Be7 6. Re1 b5 7. Bb3 O-O 8. c3 d5 9. exd5 Nxd5 10. Nxe5 Nxe5 11. Rxe5 Nf6 12. d4 Bd6 13. Re1 Ng4 14. h3 Qh4 15. Qf3 Nxf2 16. Re8 Bb7 17. Rxf8+ Rxf8 18. Qxf2 Bh2+ 19. Kf1 Bg3 20. Qe2 Bc6 21. d5 Re8 22. dxc6 Rxe2 23. Kxe2 Qe4+ 24. Be3 Qxg2+ 25. Kd3 Qxb2 26. Nd2 Qxa1 0-1


[Site "https://www.chess.com"]

[Event "Titled Tuesday Blitz August 08 Late 2023"]
[White "Castella Garcia, Fausto"]
[Black "Adel, Sara"]
[WhiteFideId "3501922"]
[BlackFideId "10616764"]
[WhiteElo "2334"]
[BlackElo "2162"]
[Result "1-0"]
[Round "5"]
[TimeControl "180+1"]
[Date "2023.08.08"]
[WhiteClock "0:00:08"]
[BlackClock "0:00:46"]
[Board "155"]

1. e4 c6 2. Nc3 d5 3. Nf3 Bg4 4. h3 Bxf3 5. Qxf3 dxe4 6. Nxe4 Nd7 7. d4 e5 8. Bc4 Qe7 9. O-O O-O-O 10. d5 cxd5 11. Bxd5 Nb6 12. Bxf7 Nf6 13. Bb3 Rd4 14. Bg5 Nbd7 15. Rfe1 h6 16. Bh4 g5 17. Bg3 Bg7 18. c3 Rxe4 19. Rxe4 Nxe4 20. Qxe4 Nc5 21. Qg4+ Qd7 22. Bc2 Qxg4 23. hxg4 Rd8 24. Re1 Rd2 25. Bf5+ Kd8 26. Bxe5 Bxe5 27. Rxe5 Na4 28. b3 Nxc3 29. a4 Nd1 30. f3 Kc7 31. Re7+ Kb6 32. Be4 Nc3 33. Bxb7 Rb2 34. Ba8 a5 35. Rb7+ Kc5 36. Rc7+ Kb4 37. Rb7+ Ka3 38. g3 Ne2+ 39. Kf2 Nd4+ 40. Ke3 Rxb3+ 41. Rxb3+ Nxb3 42. f4 gxf4+ 43. gxf4 Kxa4 44. f5 Nc5 45. f6 Ne6 46. Bd5 Nf8 47. Ke4 Kb4 48. Ke5 a4 49. Kd6 a3 50. Ke7 Ng6+ 51. Kf7 Nf4 52. Ba2 Kc5 53. Kg7 Nd5 54. f7 Nc3 55. f8=Q+ Kd4 56. Bg8 a2 57. Qf6+ Kd3 58. Bxa2 Nxa2 59. Kxh6 Nb4 60. g5 Nc2 61. g6 Ne3 62. Qd8+ Ke4 63. g7 Nf5+ 64. Kh7 Nxg7 65. Kxg7 Kf4 66. Qe7 Kf3 67. Qe5 Kf2 68. Qc3 Ke2 69. Kg6 Kf2 70. Kg5 Ke2 71. Kf4 Kf2 72. Qd2+ Kf1 73. Kg3 Kg1 74. Qe1# 1-0


[Site "https://www.chess.com"]

[Event "Titled Tuesday Blitz August 08 Late 2023"]
[White "Maluco_do_Natal_00"]
[Black "Shapiro, Daniel"]
[BlackFideId "2001780"]
[WhiteElo "2082"]
[BlackElo "2324"]
[Result "0-1"]
[Round "5"]
[TimeControl "180+1"]
[Date "2023.08.08"]
[WhiteClock "0:00:00"]
[BlackClock "0:00:21"]
[Board "157"]

1. e4 c5 2. Nf3 d6 3. d4 cxd4 4. Nxd4 Nf6 5. Nc3 Nc6 6. Be3 e6 7. Be2 Be7 8. O-O a6 9. f4 Qc7 10. Qd2 Bd7 11. Kh1 O-O 12. Rad1 b5 13. a3 Rfd8 14. Bf3 Rac8 15. Qf2 Na5 16. Nxe6 fxe6 17. Bb6 Qb8 18. Bxa5 Rf8 19. Bb4 Ne8 20. Qe3 Qc7 21. e5 Rf7 22. exd6 Nxd6 23. Qe5 Nc4 24. Qxc7 Rxc7 25. Bxe7 Rxe7 26. Rd3 Nxb2 27. Re3 Nc4 28. Rd3 Nxa3 29. Nd5 exd5 30. Rxa3 Rxc2 31. Bxd5+ Kf8 32. Rxa6 Ree2 33. Ra8+ Ke7 34. Bf3 Rf2 0-1


[Site "https://www.chess.com"]

[Event "Titled Tuesday Blitz August 08 Late 2023"]
[White "dorpato"]
[Black "Harish, Neeraj"]
[BlackFideId "30958130"]
[WhiteElo "2057"]
[BlackElo "2322"]
[Result "0-1"]
[Round "5"]
[TimeControl "180+1"]
[Date "2023.08.08"]
[WhiteClock "0:00:12"]
[BlackClock "0:00:42"]
[Board "158"]

1. e4 c5 2. Nc3 Nc6 3. g3 g6 4. Bg2 Bg7 5. d3 d6 6. Be3 Nf6 7. h3 O-O 8. Qd2 Rb8 9. Bh6 b5 10. Bxg7 Kxg7 11. h4 b4 12. Nce2 h5 13. Nh3 e6 14. Ng5 d5 15. f3 a5 16. O-O a4 17. Kh2 Nh7 18. Nxh7 Kxh7 19. g4 Qxh4+ 20. Bh3 hxg4 21. fxg4 e5 22. Rg1 dxe4 23. dxe4 Nd4 24. Nxd4 exd4 25. Qf4 Rb6 26. Raf1 b3 27. cxb3 axb3 28. axb3 Rxb3 29. Rg2 Rxh3+ 30. Kg1 Rh1# 0-1


[Site "https://www.chess.com"]

[Event "Titled Tuesday Blitz August 08 Late 2023"]
[White "Skaric, Djuro"]
[Black "Gyulamiryan-koryun"]
[WhiteFideId "934569"]
[WhiteElo "2321"]
[BlackElo "2056"]
[Result "1-0"]
[Round "5"]
[TimeControl "180+1"]
[Date "2023.08.08"]
[WhiteClock "0:02:05"]
[BlackClock "0:00:57"]
[Board "159"]

1. g3 Nf6 2. Bg2 c6 3. d3 g6 4. e4 d6 5. Nc3 Bg7 6. h3 O-O 7. f4 Nbd7 8. Nf3 Nh5 9. Ne2 e5 10. f5 Ndf6 11. g4 Nf4 12. Nxf4 exf4 13. Bxf4 gxf5 14. gxf5 Nh5 15. Bg5 Bf6 16. Bh6 Bh4+ 17. Kd2 Re8 18. c3 d5 19. Kc2 dxe4 20. dxe4 Qxd1+ 21. Raxd1 Bf6 22. Ng5 Ng3 23. Rhg1 Ne2 24. Rgf1 Ng3 25. Rf3 Nh5 26. Rf2 Bg7 27. Bxg7 Kxg7 28. Bf3 Nf6 29. Rg1 Kh8 30. Nxf7# 1-0


[Site "https://www.chess.com"]

[Event "Titled Tuesday Blitz August 08 Late 2023"]
[White "Stachanczyk, Jacek"]
[Black "Burke, Paul"]
[WhiteFideId "1116657"]
[BlackFideId "2605767"]
[WhiteElo "2321"]
[BlackElo "1866"]
[Result "1-0"]
[Round "5"]
[TimeControl "180+1"]
[Date "2023.08.08"]
[WhiteClock "0:01:24"]
[BlackClock "0:00:33"]
[Board "160"]

1. c4 a6 2. e4 d6 3. Nf3 g6 4. d4 Bg7 5. Nc3 Nd7 6. Be2 h6 7. O-O e5 8. d5 Ne7 9. a3 O-O 10. b4 f5 11. Bb2 f4 12. Rc1 g5 13. Ne1 Nf6 14. f3 Qe8 15. Nd3 Qg6 16. c5 h5 17. cxd6 cxd6 18. Na4 g4 19. Kh1 Qg5 20. Nb6 Qh4 21. Nxc8 Raxc8 22. Qd2 g3 23. h3 Ng6 24. Rxc8 Rxc8 25. Rc1 Rxc1+ 26. Qxc1 Kh7 27. Qc8 Qg5 28. Kg1 Nxe4 29. fxe4 f3 30. Bc1 Nf4 31. Bxf3 1-0


[Site "https://www.chess.com"]

[Event "Titled Tuesday Blitz August 08 Late 2023"]
[White "Smiechu"]
[Black "Upper, John"]
[BlackFideId "2606437"]
[WhiteElo "2340"]
[BlackElo "1955"]
[Result "1-0"]
[Round "5"]
[TimeControl "180+1"]
[Date "2023.08.08"]
[WhiteClock "0:02:03"]
[BlackClock "0:00:00"]
[Board "161"]

1. e4 c5 2. Nf3 Nc6 3. d4 cxd4 4. Nxd4 Nf6 5. Nc3 e5 6. Ndb5 d6 7. Nd5 Nxd5 8. exd5 Nb8 9. a4 a6 10. Na3 Be7 11. Be2 O-O 12. O-O f5 13. f4 Nd7 14. Kh1 g6 15. Be3 Bf6 16. Nc4 b6 17. a5 exf4 18. Bxf4 Ne5 19. Nxb6 Rb8 20. Nxc8 Qxc8 21. Rb1 Qc5 22. c3 Qxa5 23. Ra1 Qb6 24. Rxa6 Qxb2 25. Rxd6 Qxc3 26. Re6 Rb2 27. d6 Nd7 28. Qd5 Nb6 29. Qd1 g5 30. Bc1 Rb1 31. Qd2 Qxd2 32. Bxd2 Rb2 33. Ba5 Nd7 34. Rxf5 Rb1+ 35. Rf1 Rxf1+ 36. Bxf1 Bc3 37. Bc4 Bxa5 38. Re5+ Kg7 39. Rxa5 1-0


[Site "https://www.chess.com"]

[Event "Titled Tuesday Blitz August 08 Late 2023"]
[White "Tqebuchava, Zurab"]
[Black "Ai, Evan"]
[WhiteFideId "13601113"]
[BlackFideId "2094770"]
[WhiteElo "2262"]
[BlackElo "2313"]
[Result "0-1"]
[Round "5"]
[TimeControl "180+1"]
[Date "2023.08.08"]
[WhiteClock "0:00:00"]
[BlackClock "0:00:04"]
[Board "162"]

1. e4 e5 2. Nf3 Nc6 3. Bb5 a6 4. Ba4 Nf6 5. O-O Be7 6. Re1 b5 7. Bb3 O-O 8. c3 d5 9. exd5 Nxd5 10. h3 Bb7 11. d3 Bf6 12. Be3 Nxe3 13. Rxe3 Re8 14. Nbd2 Ne7 15. Nxe5 Nd5 16. Bxd5 Qxd5 17. Nef3 Rxe3 18. fxe3 Qxd3 19. Qe1 Re8 20. Kf2 Qf5 21. Kg1 Qc5 22. Nd4 Qg5 23. N2f3 Qxe3+ 24. Qxe3 Rxe3 25. Rd1 c5 26. Kf2 cxd4 27. Nxd4 Re8 28. Nf5 Rd8 29. Re1 g6 30. Ng3 Bh4 31. Re7 Bxe7 32. Ne4 Bxe4 33. Ke3 Bxg2 0-1


[Site "https://www.chess.com"]

[Event "Titled Tuesday Blitz August 08 Late 2023"]
[White "alfianasybullina"]
[Black "Doluhanova, Evgeniya"]
[BlackFideId "14112035"]
[WhiteElo "2245"]
[BlackElo "2311"]
[Result "0-1"]
[Round "5"]
[TimeControl "180+1"]
[Date "2023.08.08"]
[WhiteClock "0:00:08"]
[BlackClock "0:00:12"]
[Board "163"]

1. Nf3 Nf6 2. d4 e6 3. Bf4 c5 4. c3 b6 5. Nbd2 Bb7 6. e3 Nc6 7. Be2 Be7 8. O-O O-O 9. c4 d5 10. dxc5 Bxc5 11. a3 dxc4 12. Nxc4 Nd5 13. Bg3 a5 14. Rc1 Ba6 15. Nce5 Nxe5 16. Nxe5 Bb7 17. e4 Nf6 18. Rxc5 Qxd1 19. Rxd1 bxc5 20. f3 Rfd8 21. Rc1 Rd2 22. Bf1 Rxb2 23. Rxc5 Rb1 24. Kf2 Bxe4 25. Nxf7 Rxf1+ 26. Kxf1 Bd3+ 27. Kf2 Kxf7 28. Ke3 Bf5 29. Be5 Nd5+ 30. Kf2 a4 31. g4 Bd3 32. Kg3 Ba6 33. Ra5 Bb7 34. Rb5 Bc6 35. Rc5 Rc8 36. Rc4 Bd7 37. Rd4 Rc2 38. h4 h6 39. g5 hxg5 40. hxg5 Kg6 41. Rg4 Re2 42. Bd6 Re3 43. Rc4 Kxg5 44. Bc5 Rb3 45. Bd4 Kg6 46. Bc5 Bb5 47. Rg4+ Kf7 48. Bd4 g6 49. Bc5 Be2 50. Kf2 Bxf3 51. Rg3 Be4 52. Rg4 Bf5 53. Rxa4 Rb2+ 54. Ke1 Nc3 55. Ra7+ Ke8 56. Re7+ Kd8 57. Rg7 Rb1+ 58. Kd2 Ne4+ 59. Kc2 Nxc5+ 60. Kc3 Na4+ 61. Kd4 Rd1+ 62. Ke5 Nb6 63. Kf6 Nd7+ 64. Kg5 Kc7 65. a4 Ra1 66. a5 Rxa5 67. Kh6 Ra1 68. Rg8 Rh1+ 69. Kg5 Rg1+ 70. Kh6 g5 71. Kg7 g4 72. Kf7 g3 73. Ke7 g2 74. Rd8 Rd1 75. Rg8 g1=Q 0-1


[Site "https://www.chess.com"]

[Event "Titled Tuesday Blitz August 08 Late 2023"]
[White "GAO"]
[Black "Osiecki, Stanislaw"]
[BlackFideId "1102990"]
[WhiteElo "2287"]
[BlackElo "2008"]
[Result "1-0"]
[Round "5"]
[TimeControl "180+1"]
[Date "2023.08.08"]
[WhiteClock "0:00:43"]
[BlackClock "0:00:00"]
[Board "164"]

1. a3 e5 2. c4 Nc6 3. d3 a5 4. Nf3 Nf6 5. g3 e4 6. dxe4 Nxe4 7. Bg2 Bc5 8. O-O O-O 9. Qc2 f5 10. Nc3 Nxc3 11. Qxc3 Qf6 12. Bd2 d6 13. Qxf6 Rxf6 14. Bc3 Rf8 15. e3 Bd7 16. Nd4 a4 17. Rfd1 Kh8 18. h4 Rab8 19. Rac1 Ne5 20. Bb4 Bxb4 21. axb4 c5 22. bxc5 dxc5 23. Nf3 Nxf3+ 24. Bxf3 Bc6 25. Bxc6 bxc6 26. Rc2 Rb4 27. Rd6 Rc8 28. Kg2 h6 29. Kf3 Kg8 30. Kf4 Rcb8 31. Rxc6 Rxb2 32. Rxb2 Rxb2 33. Kxf5 Rxf2+ 34. Kg6 Kf8 35. Rc8+ Ke7 36. Kxg7 Rf3 37. g4 Rxe3 38. Rxc5 Re4 39. g5 h5 40. Kh6 Rxh4 41. g6 Rg4 42. Ra5 a3 43. Rxa3 Rxc4 44. Rg3 h4 45. Rg5 h3 46. g7 h2 47. Rh5 Rc6+ 48. Kh7 1-0


[Site "https://www.chess.com"]